 Dungeon Crawl Stone Soup version 0.17-a0-1596-g1e86911 (webtiles) character file.

1897 Nakatomy the Geomancer (level 9, -9/45 HPs)
             Began as a Gargoyle Earth Elementalist on July 30, 2015.
             Was a Follower of Vehumet.
             Mangled by an orc warrior
             ... wielding a +0 short sword
              (15 damage)
             ... on level 7 of the Dungeon.
             The game lasted 00:48:33 (8474 turns).

Nakatomy the Geomancer (GrEE)                       Turns: 8474, Time: 00:48:33

Health: -9/45      AC: 12    Str: 13    XL:     9   Next: 15%
Magic:  1/20       EV: 12    Int: 18    God:    Vehumet [*.....]
Gold:   384        SH:  0    Dex: 10    Spells: 4 memorised, 12 levels left

rFire  . . .     SeeInvis .     a - 121 stones
rCold  . . .     Clarity  .     n - +1 robe
rNeg   + . .     SustAt   +     (no shield)
rPois  ∞         Gourm    .     O - +0 helmet
rElec  +         Spirit   .     (no cloak)
rCorr  .         Warding  .     o - +2 pair of gloves
rMut   .         Stasis   .     (no boots)
MR     .....                    y - amulet of rage
Stlth  ++........               q - ring of sustain attributes
                                s - +2 ring of slaying

@: not resistant to hostile enchantments, unstealthy
A: negative energy resistance 1, electricity resistance, unbreathing,
petrification resistance, rot immunity, AC +5
a: Renounce Religion, Evoke Berserk Rage


You were on level 7 of the Dungeon.
You worshipped Vehumet.
Vehumet was aware of your devotion.
You were hungry.

You visited 2 branches of the dungeon, and saw 9 of its levels.

You collected 384 gold pieces.

Inventory:

Hand weapons
 b - a +2 dagger of electrocution
 f - a +0 short sword
Missiles
 a - 121 stones (in hand)
Armour
 n - a +1 robe (worn)
 o - a +2 pair of gloves (worn)
 O - a +0 helmet (worn)
Jewellery
 q - a ring of sustain attributes (right hand)
 s - a +2 ring of slaying (left hand)
 y - an amulet of rage (around neck)
 J - an uncursed ring of magical power {unknown}
Magical devices
 z - a wand of polymorph (18)
 A - a wand of teleportation (2)
 C - a wand of random effects (23)
 P - a wand of frost (26)
Scrolls
 k - 4 scrolls of blinking {unknown}
 p - a scroll of enchant weapon {unknown}
 t - 2 scrolls of identify {unknown}
 u - 2 scrolls of remove curse
 x - a scroll of random uselessness {unknown}
 F - a scroll of fog
 I - 2 scrolls of enchant armour
 K - a scroll of recharging {unknown}
 L - a scroll of fear
 M - a scroll of amnesia
Potions
 e - 2 potions of agility {unknown}
 g - 2 potions of heal wounds {unknown}
 i - a potion of flight {unknown}
 j - 3 potions of curing
 l - a potion of resistance {unknown}
 r - a potion of brilliance {unknown}
 v - a potion of magic {unknown}
 w - a potion of ambrosia {unknown}
 B - a potion of invisibility {unknown}
 D - a potion of degeneration {unknown}
 E - 2 potions of beneficial mutation {unknown}
 H - a potion of haste {unknown}
Books
 c - a book of Geomancy

   Spells                             Type                      Level
   a - Sandblast                      Earth                        1
   b - Stoneskin                      Transmutation/Earth          2
   c - Passwall                       Transmutation/Earth          3
   d - Stone Arrow                    Conjuration/Earth            3
   e - Petrify                        Transmutation/Earth          4
   f - Lee's Rapid Deconstruction     Earth                        5
Comestibles
 d - 4 bread rations
 h - a beef jerky
 m - 3 meat rations
 G - 7 fruits


   Skills:
 - Level 1.5 Dodging
 - Level 2.1 Stealth
 * Level 7.7 Spellcasting
 + Level 6.0 Conjurations
 - Level 0.7 Transmutations
 + Level 8.0 Earth Magic


You had 12 spell levels left.
You knew the following spells:

 Your Spells              Type           Power        Failure   Level  Hunger
a - Sandblast             Erth           #####.       1%          1    None
b - Stone Arrow           Conj/Erth      ####..       1%          3    #......
c - Stoneskin             Trmt/Erth      ###.....     2%          2    None
d - Lee's Rapid Deconstr  Erth           #####.....   12%         5    #####..


Dungeon Overview and Level Annotations

Branches:
Dungeon (8/15)             Temple (1/1) D:6
   Lair: D:8-11

Altars:
Ashenzari
Dithmenos
Elyvilon
Fedhas
Gozag
Kikubaaqudgha
Nemelex Xobeh
Ru
Sif Muna
Trog
Vehumet
Xom
Yredelemnul
The Shining One

Shops:
D:4 *

Annotations:
D:3 Edmund
D:7 1 exclusion, Noshyer's ghost, experienced DrWr


Innate Abilities, Weirdness & Mutations

You are resistant to torment.
Your stone body is resilient (AC +5).
You are immune to poison.
You resist negative energy.
You are resistant to electric shocks.
You can survive without breathing.
You are immune to petrification.
You are immune to rotting.


Message History

The orc warrior is almost dead.
The orc warrior hits you with a short sword.
* * * LOW HITPOINT WARNING * * *
Read which item? (? for menu, Esc to quit)
Okay, then.
Unknown command.
Evoke which item? (* to show all) (? for menu, Esc to quit)
Zapping:
A - a wand of teleportation (will waste charges)
Press: ? - help, Shift-Dir - straight line, p - orc warrior The orc warrior looks slightly unstable.
Evoking this partially-identified wand wasted a few charges.
The orc warrior hits you with a short sword.
* * * LOW HITPOINT WARNING * * *
Drink which item? (? for menu, Esc to quit)
It was a potion of curing.
You feel better.
The orc warrior hits you but does no damage.
Your +2 dagger of electrocution stops crackling.
a - 121 stones (in hand)
The orc warrior hits you with a short sword!
You die...

#.#######
........#
#).......
.........
#########
.. .#
.#######
#########
........
......o@#
.#####.
#########
.# ...#
##.# .# #


You could see an orc warrior.

Vanquished Creatures
  The ghost of Nakatomy the Magician, an average GrEE (D:4)
  A hippogriff (D:7)
  A phantom (D:7)
  3 ice beasts
  An orc warrior (D:8)
  3 ogres
  A giant frog (D:8)
  A scorpion (D:4)
  3 killer bees (D:7)
  A jelly (D:6)
  A crimson imp (D:5)
  An orc priest (D:3)
  A centaur zombie (D:6)
  6 orc wizards
  4 iguanas
  3 worker ants
  2 worker ant zombies (D:7)
  5 adders
  A shadow imp (D:6)
  An ooze (D:2)
  An adder skeleton (D:8)
  A worm (D:3)
  6 giant geckos
  22 orcs
  5 giant cockroaches
  11 hobgoblins
  18 jackals
  A quokka (D:5)
  10 bats
  A giant cockroach zombie (D:6)
  10 giant newts
  8 goblins
  6 kobolds
  A quokka skeleton (D:5)
  6 rats
148 creatures vanquished.

Notes
Turn   | Place    | Note
--------------------------------------------------------------
     0 | D:1      | Nakatomy the Gargoyle Earth Elementalist began the quest for the Orb.
     0 | D:1      | Reached XP level 1. HP: 10/10 MP: 3/3
   467 | D:1      | Reached XP level 2. HP: 6/15 MP: 0/5
   874 | D:1      | Reached skill level 4 in Earth Magic
  1220 | D:2      | Reached XP level 3. HP: 19/19 MP: 1/7
  1300 | D:2      | Learned a level 3 spell: Stone Arrow
  1303 | D:2      | Learned a level 2 spell: Stoneskin
  1866 | D:2      | Reached XP level 4. HP: 21/24 MP: 0/8
  1988 | D:3      | Reached skill level 1 in Conjurations
  2807 | D:3      | Reached XP level 5. HP: 19/28 MP: 0/10
  2814 | D:3      | Learned a level 5 spell: Lee's Rapid Deconstruction
  3810 | D:4      | Noticed an ogre
  3854 | D:4      | Noticed an ogre
  3864 | D:4      | Killed an ogre
  3864 | D:4      | Reached skill level 5 in Earth Magic
  3864 | D:4      | Reached XP level 6. HP: 32/32 MP: 0/12
  4097 | D:4      | Found Gorem's Elemental Accessories.
  4160 | D:4      | Noticed Nakatomy's ghost (average GrEE)
  4458 | D:4      | Killed Nakatomy's ghost
  4458 | D:4      | Reached skill level 5 in Spellcasting
  4458 | D:4      | Reached XP level 7. HP: 36/36 MP: 0/14
  4567 | D:4      | Killed an ogre
  4780 | D:4      | Noticed Edmund
  4816 | D:4      | Found a basalt altar of Yredelemnul.
  4823 | D:4      | Found a white marble altar of Elyvilon.
  4873 | D:4      | Found a shattered altar of Ashenzari.
  5057 | D:4      | Reached skill level 6 in Earth Magic
  5221 | D:5      | Entered Level 5 of the Dungeon
  6243 | D:6      | Found a staircase to the Ecumenical Temple.
  6247 | Temple   | Entered the Ecumenical Temple
  6270 | Temple   | Became a worshipper of Vehumet
  6294 | D:6      | Found a shimmering altar of Xom.
  6294 | D:6      | Found a sacrificial altar of Ru.
  6362 | D:6      | Reached XP level 8. HP: 33/41 MP: 0/17
  6520 | D:6      | Found a blossoming altar of Fedhas.
  7124 | D:6      | Found a blossoming altar of Fedhas.
  7257 | D:7      | Reached skill level 7 in Earth Magic
  7474 | D:7      | Reached skill level 5 in Conjurations
  7696 | D:7      | Noticed Noshyer's ghost (experienced DrWr)
  8102 | D:7      | Acquired Vehumet's first power
  8102 | D:7      | Offered knowledge of Shock by Vehumet.
  8221 | D:8      | Reached XP level 9. HP: 45/45 MP: 7/20
  8406 | D:8      | Reached skill level 8 in Earth Magic
  8472 | D:7      | HP: 1/45 [orc warrior/short sword (5)]
  8474 | D:7      | Mangled by an orc warrior

Vault maps used:
D:1:      scummos_arrival_gate
D:3:      hex_medium, hex_tiny
D:4:      nicolae_overflow_crystal_walls, minitemple, nicolae_elemental_shop,
          uniq_edmund, uniq_duvessa
D:5:      first_bread
D:6:      gammafunk_temple_overflow_elements, basic_altar,
          fedhas_altar_fruit_tree
D:8:      makhleb_heckhound_becter
Temple:   circular_temple_12

Action                   |  1- 3 |  4- 6 |  7- 9 || total
-------------------------+-------+-------+-------++-------
Melee: Short sword       |     7 |       |       ||     7
       Dagger            |    12 |    19 |    10 ||    41
 Cast: Sandblast         |    69 |   114 |   118 ||   301
       Stone Arrow       |       |    13 |    70 ||    83
       Stoneskin         |       |     1 |     1 ||     2
Evoke: Wand              |       |       |     1 ||     1
  Use: Scroll            |       |     7 |       ||     7
       Potion            |       |       |     1 ||     1
  Eat: Chunk             |     3 |     8 |    11 ||    22
       Bread ration      |       |     1 |       ||     1
